 Dungeon Crawl Stone Soup version 0.27.1 (webtiles) character file.

Game seed: 3737338650183280758

398 garrulousMonolith the Insei (level 6, -6/47 HPs)
             Began as a Gnoll Transmuter on Aug 23, 2021.
             Was an Initiate of Okawaru.
             Mangled by a wyvern zombie (12 damage)
             ... on level 8 of the Dungeon.
             The game lasted 00:05:15 (4255 turns).

garrulousMonolith the Insei (Gnoll Transmuter)      Turns: 4255, Time: 00:05:16

Health: -6/47      AC:  5    Str: 10    XL:     6   Next: 83%
Magic:  12/14      EV: 13    Int: 14    God:    Okawaru [......]
Gold:   159        SH:  0    Dex: 12    Spells: 9/15 levels left

rFire    . . .     SeeInvis .     - Unarmed
rCold    . . .     Faith    .   (no shield)
rNeg     . . .     Spirit   .   g - +0 leather armour
rPois    .         Reflect  .   (helmet currently unavailable)
rElec    .         Harm     .   j - +0 cloak
rCorr    .         Rampage  .   h - +0 pair of gloves
Will     .....                  (boots currently unavailable)
Stlth    ++........             (no amulet)
HPRegen  0.15/turn              (no ring)
MPRegen  0.14/turn              (no ring)

@: appendages (expiring), wereblooded
A: horns 2, talons 2, fangs 1, strong nose, distributed training
a: End Transformation, Renounce Religion


You were on level 8 of the Dungeon.
You worshipped Okawaru.
Okawaru was noncommittal.
You had temporarily grown beastly horns and talons.
You visited 2 branches of the dungeon, and saw 7 of its levels.

You collected 159 gold pieces.

Inventory:

Missiles
 o - 13 poisoned darts (quivered)
 t - 2 silver javelins
Armour
 b - a +0 scale mail
 g - a +0 leather armour (worn)
 h - a +0 pair of gloves (worn)
 j - a +0 cloak (worn)
Magical Staves
 v - a staff of cold
Jewellery
 s - a ring of willpower
Scrolls
 d - a scroll of torment {unknown}
 f - a scroll of enchant weapon {unknown}
 k - a scroll of enchant armour {unknown}
 l - 2 scrolls of immolation {unknown}
 m - a scroll of noise {unknown}
 q - a scroll of amnesia {unknown}
 r - a scroll of vulnerability {unknown}
 u - 3 scrolls of identify
 w - a scroll of teleportation {unknown}
Potions
 a - a potion of degeneration {unknown}
 c - 2 potions of attraction
 e - a potion of magic {unknown}
 i - a potion of heal wounds
 n - 3 potions of curing
 p - 3 potions of lignification {unknown}


   Skills:
 + Level 3.3 Fighting
 + Level 2.1 Short Blades
 + Level 2.1 Long Blades
 + Level 2.1 Axes
 + Level 2.1 Maces & Flails
 + Level 2.1 Polearms
 + Level 2.1 Staves
 + Level 2.1 Slings
 + Level 2.1 Bows
 + Level 2.1 Crossbows
 + Level 2.1 Throwing
 + Level 2.1 Armour
 + Level 5.0 Dodging
 + Level 2.1 Stealth
 + Level 2.1 Shields
 + Level 6.9 Unarmed Combat
 + Level 5.4 Spellcasting
 + Level 1.7 Conjurations
 + Level 1.7 Hexes
 + Level 1.7 Summonings
 + Level 1.7 Necromancy
 + Level 1.7 Translocations
 + Level 4.2 Transmutations
 + Level 1.7 Fire Magic
 + Level 1.7 Ice Magic
 + Level 1.7 Air Magic
 + Level 1.7 Earth Magic
 + Level 1.7 Poison Magic
 + Level 2.3 Invocations
 + Level 2.1 Evocations


You had 9 spell levels left.
You knew the following spells:

 Your Spells              Type           Power      Damage    Failure   Level
a - Beastly Appendage     Tmut           30%        N/A       4%          1
b - Wereblood             Tmut           15%        N/A       6%          2
c - Spider Form           Tmut/Pois      6%         N/A       21%         3

Your spell library contained the following spells:

 Spells                   Type           Power      Damage    Failure   Level
 Magic Dart               Conj           32%        1d4       11%         1
 Pain                     Necr           32%        1d5       11%         1
 Call Imp                 Summ           8%         N/A       16%         2
 Dazzling Flash           Conj/Hex       16%        N/A       32%         3
 Mephitic Cloud           Conj/Pois/Air  8%         N/A       32%         3
 Ice Form                 Ice/Tmut       12%        N/A       54%         4
 Iskenderun's Mystic Bla  Conj/Tloc      8%         2d4       71%         4
 Leda's Liquefaction      Hex/Erth       4%         N/A       71%         4
 Agony                    Necr           8%         N/A       96%         5
 Bolt of Magma            Conj/Fire/Erth 4%         4d5       96%         5
 Excruciating Wounds      Necr           4%         N/A       96%         5
 Fireball                 Conj/Fire      4%         3d4       96%         5
 Iskenderun's Battlesphe  Conj           8%         2d6       96%         5
 Conjure Ball Lightning   Conj/Air       4%         3x3d6     100%        6
 Starburst                Conj/Fire      4%         6d3       100%        6
 Statue Form              Tmut/Erth      8%         N/A       100%        6
 Orb of Destruction       Conj           4%         9d2       100%        7


Dungeon Overview and Level Annotations

Branches:
Dungeon (5/15)             Temple (1/1) D:4

Altars:
Ashenzari
Dithmenos
Elyvilon
Gozag
Hepliaklqana
Kikubaaqudgha
Okawaru
Qazlal
Ru
Sif Muna
Trog
Vehumet
Yredelemnul
Zin
The Shining One

Shops:
D:3 :


Innate Abilities, Weirdness & Mutations

You have temporarily grown beastly horns and talons.
You have very sharp teeth.
Your uncanny sense of smell can sniff out nearby items.
Your experience applies equally to all skills.


Message History

Your transformation is almost over.
Casting: Beastly Appendage (safe; 4% risk of failure)
Confirm with . or Enter, or press ? or * to list all spells.
Your blood is infused with primal strength.
The jelly quivers.
The wyvern zombie bites you. The wyvern zombie closely misses you.
The wyvern zombie bites you!
The wyvern zombie closely misses you. x2; The wyvern zombie bites you.
You are too injured to fight recklessly!
You are too injured to fight recklessly!
You are too injured to fight recklessly!
You are too injured to fight recklessly!
You are too injured to fight recklessly!
You punch the wyvern zombie!
The wyvern zombie is moderately damaged.
The wyvern zombie closely misses you. x2
You hit the wyvern zombie.
The wyvern zombie is moderately damaged.
The wyvern zombie closely misses you. The wyvern zombie barely misses you.
You hit the wyvern zombie.
The wyvern zombie is moderately damaged.
The wyvern zombie barely misses you. x2
You barely miss the wyvern zombie. You claw the wyvern zombie.
You headbutt the wyvern zombie.
The wyvern zombie is heavily damaged.
The wyvern zombie bites you!
The wyvern zombie bites you but does no damage.
You hit the wyvern zombie. You headbutt the wyvern zombie.
The wyvern zombie is heavily damaged.
The wyvern zombie bites you!
* * * LOW HITPOINT WARNING * * *
The wyvern zombie bites you.
* * * LOW HITPOINT WARNING * * *
You feel much better. The wyvern zombie closely misses you.
The wyvern zombie bites you. The wyvern zombie bites you!
* * * LOW HITPOINT WARNING * * *
The wyvern zombie misses you.
Okay, then.
Found 5 boomerangs.
The wyvern zombie bites you!
You die...

..#.....#####
.+......... .
......... .#
....... (..
..... ..##
... ....
###J#..#
#..Z...#
#.@Z...#
#......#
#.....##
###....(
....### ....#
....# ...#


You could see a jelly and 2 wyvern zombies.

Vanquished Creatures
  A necrophage (D:4)
  An ogre (D:4)
  A water moccasin skeleton (D:4)
  A hound (D:4)
  A hound skeleton (D:4)
  6 adders
  An adder skeleton (D:4)
  2 worms (D:2)
  2 dart slugs
  4 orcs
  7 endoplasms
  2 giant cockroaches
  6 goblins
  7 hobgoblins
  2 jackals (D:2)
  5 quokkas
  10 ball pythons
  3 bats
  2 frilled lizards
  8 kobolds
  3 rats
75 creatures vanquished.

Notes
Turn   | Place    | Note
-------+----------+-------------------------------------------
     0 | D:1      | garrulousMonolith the Gnoll Transmuter began the quest for
                  | the Orb.
     0 | D:1      | Reached XP level 1. HP: 17/17 MP: 6/6
   295 | D:1      | Reached XP level 2. HP: 15/23 MP: 7/7
   686 | D:1      | Learned a level 2 spell: Wereblood
   892 | D:1      | Reached XP level 3. HP: 28/28 MP: 7/9
  1106 | D:1      | Reached skill level 5 in Spellcasting
  1306 | D:1      | Learned a level 3 spell: Spider Form
  1351 | D:2      | Reached skill level 1 in Invocations
  1529 | D:2      | Reached skill level 1 in Short Blades
  1529 | D:2      | Reached skill level 1 in Long Blades
  1529 | D:2      | Reached skill level 1 in Axes
  1529 | D:2      | Reached skill level 1 in Maces & Flails
  1529 | D:2      | Reached skill level 1 in Polearms
  1529 | D:2      | Reached skill level 1 in Staves
  1529 | D:2      | Reached skill level 1 in Slings
  1529 | D:2      | Reached skill level 1 in Bows
  1529 | D:2      | Reached skill level 1 in Crossbows
  1529 | D:2      | Reached skill level 1 in Throwing
  1529 | D:2      | Reached skill level 1 in Armour
  1529 | D:2      | Reached skill level 1 in Stealth
  1529 | D:2      | Reached skill level 1 in Shields
  1529 | D:2      | Reached skill level 1 in Evocations
  1534 | D:2      | Reached XP level 4. HP: 27/34 MP: 11/11
  2042 | D:2      | Reached skill level 1 in Conjurations
  2042 | D:2      | Reached skill level 1 in Hexes
  2042 | D:2      | Reached skill level 1 in Summonings
  2042 | D:2      | Reached skill level 1 in Necromancy
  2042 | D:2      | Reached skill level 1 in Translocations
  2042 | D:2      | Reached skill level 1 in Fire Magic
  2042 | D:2      | Reached skill level 1 in Ice Magic
  2042 | D:2      | Reached skill level 1 in Air Magic
  2042 | D:2      | Reached skill level 1 in Earth Magic
  2042 | D:2      | Reached skill level 1 in Poison Magic
  2206 | D:3      | Found Fupp's Book Boutique.
  2979 | D:3      | Reached XP level 5. HP: 26/40 MP: 10/12
  3311 | D:4      | Noticed an ogre
  3317 | D:4      | Killed an ogre
  3457 | D:4      | Reached XP level 6. HP: 28/47 MP: 11/13
  3626 | D:4      | Found a staircase to the Ecumenical Temple.
  3642 | Temple   | Entered the Ecumenical Temple
  3694 | Temple   | Became a worshipper of Warmaster Okawaru
  3808 | D:4      | Noticed a necrophage
  3818 | D:4      | Killed a necrophage
  3819 | D:4      | Reached skill level 5 in Dodging
  4232 | D:5      | Entered Level 5 of the Dungeon
  4244 | D:5      | You fall into a shaft and drop 3 floors!
  4255 | D:8      | Mangled by a wyvern zombie

Illustrated notes

Levels and vault maps discovered:
D:1:      dpeg_arrival_stonehenge_8_columns, layout_basic, grunt_decor_clamped
D:2:      layout_rooms, minmay_pentomino_v4
D:3:      layout_basic, serial_shops, shop, corner_web_ring
D:4:      layout_rooms, minmay_temple_entry_butterflies
D:5:      layout_basic
D:8:      cheibrodos_steamvent, layout_basic, mainiacjoe_overflow_boulevard,
          serial_shops, nicolae_shop_behind_doors, shop, shop_coins,
          nicolae_stop_n_shop_2, nicolae_stop_n_shop_2
Temple:   regret_index_temple_waves

Skill      XL: |  1  2  3  4  5  6 |
---------------+-------------------+-----
Spellcasting   | 5 |  5.4
Invocations    | 1 2 |  2.3
Short Blades   | 1 2 |  2.1
Long Blades    | 1 2 |  2.1
Axes           | 1 2 |  2.1
Maces & Flails | 1 2 |  2.1
Polearms       | 1 2 |  2.1
Staves         | 1 2 |  2.1
Slings         | 1 2 |  2.1
Bows           | 1 2 |  2.1
Crossbows      | 1 2 |  2.1
Throwing       | 1 2 |  2.1
Armour         | 1 2 |  2.1
Stealth        | 1 2 |  2.1
Shields        | 1 2 |  2.1
Evocations     | 1 2 |  2.1
Conjurations   | 1 |  1.7
Hexes          | 1 |  1.7
Summonings     | 1 |  1.7
Necromancy     | 1 |  1.7
Translocations | 1 |  1.7
Fire Magic     | 1 |  1.7
Ice Magic      | 1 |  1.7
Air Magic      | 1 |  1.7
Earth Magic    | 1 |  1.7
Poison Magic   | 1 |  1.7
Fighting       | 3 |  3.3
Transmutations | 4 |  4.2
Dodging        | 5 |  5.0
Unarmed Combat | |  6.9

Action                   |  1- 3 |  4- 6 || total
-------------------------+-------+-------++-------
Melee: Unarmed           |    77 |   141 ||   218
       Kick              |    11 |    21 ||    32
       Punch             |     2 |     2 ||     4
       Headbutt          |     7 |     9 ||    16
       Bite              |     2 |     8 ||    10
 Cast: Beastly Appendage |    19 |    24 ||    43
       Wereblood         |       |     8 ||     8
       Spider Form       |       |     1 ||     1
  Use: Scroll            |       |     3 ||     3
       Potion            |       |     1 ||     1
Armor: Robe              |    10 |       ||    10
       Leather armour    |     8 |    33 ||    41
Dodge: Dodged            |    55 |    97 ||   152
